 Dungeon Crawl Stone Soup version 0.25-a0-424-g80bd347ae0 (webtiles) character file.

Game seed: 1283903542811870892, levelgen mode: deterministic

327 Kohma the Blocker (level 6, -3/52 HPs)
             Began as a Naga Venom Mage on Jan 23, 2020.
             Slain by a gnoll
             ... wielding a +0 halberd
              (4 damage)
             ... on level 4 of the Dungeon.
             The game lasted 00:14:24 (4070 turns).

Kohma the Blocker (Naga Venom Mage)                 Turns: 4070, Time: 00:14:25

Health: -3/52      AC:  1    Str: 17    XL:     6   Next: 50%
Magic:  2/11       EV: 10    Int: 16    God:
Gold:   207        SH:  0    Dex: 11    Spells: 5/11 levels left

rFire    . . .     SeeInvis +   e - +0 short sword
rCold    . . .     Gourm    .   (no shield)
rNeg     . . .     Faith    .   a - +0 robe
rPois    +         Spirit   .   (no helmet)
rElec    .         Reflect  .   (no cloak)
rCorr    .         Harm     .   (no gloves)
MR       .....                  (no barding)
Stlth    ++........             (no amulet)
HPRegen  0.17/turn              (no ring)
MPRegen  0.12/turn              t - -2 ring of protection (curse)

@: mighty, very slightly contaminated, very slow
A: large, see invisible, deformed body, poison resistance, slowness 2, slow
metabolism 1, spit poison 1, AC +2
a: Spit Poison


You were on level 4 of the Dungeon.
You were not hungry.

You visited 1 branch of the dungeon, and saw 4 of its levels.

You collected 207 gold pieces.

Inventory:

Hand Weapons
 e - a +0 short sword (weapon)
Missiles
 s - 4 poisoned darts (quivered)
Armour
 a - a +0 robe (worn)
 p - a +0 large shield
Jewellery
 t - a cursed -2 ring of protection (right hand)
Wands
 q - a wand of paralysis (9)
Scrolls
 d - a scroll of amnesia
 f - a scroll of teleportation
 m - a scroll of noise
 o - a scroll of blinking
 r - a scroll of fear
Potions
 k - a potion of ambrosia
 l - a potion of haste
 n - a potion of mutation
 u - a potion of agility
Comestibles
 c - 7 rations


   Skills:
 + Level 1.9 Fighting
 - Level 1.5 Dodging
 - Level 3.0 Stealth
 + Level 10.0 Shields
 * Level 3.4 Spellcasting
 - Level 1.0 Transmutations
 * Level 5.8 Poison Magic


You had 5 spell levels left.
You knew the following spells:

 Your Spells              Type           Power        Failure   Level  Hunger
a - Sting                 Tmut/Pois      ##..         4%          1    None
b - Poisonous Vapours     Pois/Air       ##....       9%          2    ##.....
c - Mephitic Cloud        Conj/Pois/Air  #.......     24%         3    ###....

Your spell library contained the following spells:

 Spells                   Type           Power        Failure   Level  Hunger
 Olgreb's Toxic Radiance  Pois           ###.....     16%         4    ####...
 Summon Small Mammal      Summ           #...         19%         1    None
 Ignite Poison            Fire/Tmut/Pois ##......     22%         3    ###....
 Call Imp                 Summ           #.......     26%         2    ##.....
 Call Canine Familiar     Summ           #.......     47%         3    ###....
 Summon Guardian Golem    Hex/Summ       #.......     47%         3    ###....
 Summon Ice Beast         Ice/Summ       #.......     87%         4    ####...
 Summon Lightning Spire   Summ/Air       #.......     87%         4    ####...


Dungeon Overview and Level Annotations

Branches:
Dungeon (4/15)             Temple (0/1) D:4

Altars:
The Shining One


Innate Abilities, Weirdness & Mutations

You cannot wear boots.
Your serpentine skin is tough. (AC +2)
You have supernaturally acute eyesight. (SInv)
Armour fits poorly on your strangely shaped body.
Your system is resistant to poisons. (rPois)
You cover ground very slowly.
You have a slow metabolism.
You can spit poison.


Message History

The gnoll hits you with a +0 club. The gnoll hits you!
You open the door. The gnoll misses you. The gnoll hits you.
The gnoll hits you with a +0 club!
Found 17 stones.
The orc closely misses you.
There is an open door here.
The gnoll closely misses you.
You hit the gnoll.
The gnoll is heavily wounded.
The gnoll hits you from afar with a +0 halberd!
* * * LOW HITPOINT WARNING * * *
The gnoll hits you.
* * * LOW HITPOINT WARNING * * *
The gnoll hits you.
* * * LOW HITPOINT WARNING * * *
The gnoll closely misses you.
You feel very mighty all of a sudden. The gnoll misses you.
The gnoll hits you from afar with a +0 halberd.
You die...

,,,.........########...##....#**,
,,,,#.>................##....###,
,,,,#.................(.......<#,
,,,,+..........................#,
,,,,#..........................#,
,,,,#........).og..............#,
,,,*########+##go###...##......+,
,,,**,,,*###.###g#*#...#########,
,,,,,,,,,.......@#.....# **,
,,,,,,,,,........#.....# *,,
,,,,,,,,,.......(#.....* *,,
,,,,,,,,,........#...,,* *,,
*********#########****** ***


You could see an orc wizard (invisible), 3 gnolls and an orc.

Vanquished Creatures
  An orc wizard (D:4)
  3 adders
  3 oozes
  6 worms
  3 dart slugs
  3 leopard geckos (D:1)
  6 orcs
  11 bats
  2 giant cockroaches
  7 goblins
  4 hobgoblins
  7 jackals
  7 kobolds
  3 quokkas
  3 ball pythons
  7 frilled lizards
  A quokka skeleton (D:4)
  10 rats
87 creatures vanquished.

Notes
Turn   | Place    | Note
-------+----------+-------------------------------------------
     0 | D:1      | Kohma the Naga Venom Mage began the quest for the Orb.
     0 | D:1      | Reached XP level 1. HP: 15/15 MP: 3/3
   112 | D:1      | Reached XP level 2. HP: 17/24 MP: 1/5
   280 | D:1      | Learned a level 2 spell: Poisonous Vapours
   619 | D:1      | Reached XP level 3. HP: 29/30 MP: 3/6
   813 | D:1      | Reached skill level 1 in Fighting
  1133 | D:2      | Learned a level 3 spell: Mephitic Cloud
  1337 | D:2      | Reached skill level 5 in Poison Magic
  1523 | D:2      | Reached XP level 4. HP: 38/38 MP: 5/8
  1580 | D:2      | Found a glowing golden altar of the Shining One.
  2823 | D:3      | Reached XP level 5. HP: 23/45 MP: 6/9
  3963 | D:4      | Reached skill level 10 in Shields
  3963 | D:4      | Reached XP level 6. HP: 52/52 MP: 11/11
  4052 | D:4      | Found a staircase to the Ecumenical Temple.
  4069 | D:4      | HP: 1/52 [gnoll (6)]
  4070 | D:4      | Slain by a gnoll

Levels and vault maps discovered:
D:1:      minmay_arrival_floating_metal, layout_rooms, serial_corexii_hall,
          corexii_hall_statues_i, corexii_hall_statues_s
D:2:      layout_basic, tso_metal_star, wad_floor_pattern_untrapped
D:3:      layout_loops_ring, serial_rivers, chequers_serial_rivers_micro_e,
          chequers_serial_rivers_room_b, chequers_serial_rivers_micro_d,
          chequers_serial_rivers_micro_d, minmay_tree_intersection
D:4:      layout_gridville, grunt_temple_overflow_open,
          minmay_temple_entry_drinking_statues, first_ration,
          hellmonk_ghost_happy_afterlife, uniq_robin

Skill      XL: |  1  2  3  4  5 |
---------------+----------------+-----
Fighting       | 1 |  1.9
Poison Magic   | 5 |  5.8
Spellcasting   | 3 |  3.4
Shields        | 10 | 10.0
Dodging        | |  1.5
Stealth        | |  3.0
Transmutations | |  1.0

Action                   |  1- 3 |  4- 6 || total
-------------------------+-------+-------++-------
Melee: Unarmed           |    33 |       ||    33
       Short sword       |    29 |    64 ||    93
       Club              |     1 |       ||     1
 Cast: Sting             |    27 |    33 ||    60
       Poisonous Vapours |    21 |    44 ||    65
 Abil: Spit Poison       |     1 |       ||     1
  Use: Potion            |     1 |     2 ||     3
       Scroll            |       |    11 ||    11
 Stab: Sleeping          |     1 |       ||     1
  Eat: Chunk             |     3 |     8 ||    11
Armor: Robe              |    14 |    11 ||    25
Dodge: Dodged            |    42 |    52 ||    94

Table legend:
 A = Non-vault XP
 B = Vault XP
 C = Vault XP percentage of total XP
 D = Non-vault monster count
 E = Vault monster count
 F = Vault count percentage of total count
                 A         B        C        D         E       F
            +---------+---------+-------+---------+---------+-------
      Total |     262 |       0 |   0.0 |      87 |       0 |   0.0
            +---------+---------+-------+---------+---------+-------
        D:1 |      46 |       0 |   0.0 |      27 |       0 |   0.0
        D:2 |      89 |       0 |   0.0 |      33 |       0 |   0.0
        D:3 |      86 |       0 |   0.0 |      24 |       0 |   0.0
        D:4 |      41 |       0 |   0.0 |       3 |       0 |   0.0
            +---------+---------+-------+---------+---------+-------
